 Dungeon Crawl Stone Soup version 0.24.0-13-gcf9b319 (webtiles) character file.

Game seed: 2144697814598982074, levelgen mode: deterministic

5119 Bronimir the Grappler (level 10, -2/91 HPs)
             Began as a Gnoll Transmuter on Apr 3, 2020.
             Was a Believer of Ashenzari.
             Slain by Erica
             ... wielding a +4 scimitar of flaming
              (7 damage)
             ... on level 8 of the Dungeon.
             The game lasted 00:24:01 (7407 turns).

Bronimir the Grappler (Gnoll Transmuter)            Turns: 7407, Time: 00:24:02

Health: -2/91      AC:  7    Str: 20    XL:     10   Next: 58%
Magic:  15/21      EV: 14    Int: 19    God:    Ashenzari [**....]
Gold:   51         SH:  0    Dex: 15    Spells: 1/23 levels left

rFire    x . .     SeeInvis .     - Unarmed
rCold    + + +     Gourm    .   (shield currently unavailable)
rNeg     . . .     Faith    .   (armour currently unavailable)
rPois    +         Spirit   .   (helmet currently unavailable)
rElec    .         Reflect  .   (cloak currently unavailable)
rCorr    .         Harm     .   (gloves currently unavailable)
MR       .....                  (boots currently unavailable)
Stlth    +.........             (no amulet)
HPRegen  0.25/turn              v - +4 ring of intelligence (curse)
MPRegen  0.17/turn              P - +3 ring of strength (curse)

@: confused, ice-form
A: large, distributed training, strong nose
a: End Transformation, Curse Item, Scrying, Renounce Religion


You were on level 8 of the Dungeon.
You worshipped Ashenzari.
Ashenzari was pleased with you.
You were not hungry.
You were a creature of crystalline ice.
You visited 2 branches of the dungeon, and saw 9 of its levels.
You also visited: Sewer.

You collected 489 gold pieces.
You spent 438 gold pieces at shops.

Inventory:

Hand Weapons
 b - a +0 hand crossbow (melded)
 I - a +1 whip of flaming
 K - a +0 hunting sling
 M - a +0 shortbow
 O - a +0 hunting sling
Missiles
 a - 26 arrows
 c - 9 poisoned darts (quivered)
 f - 176 stones
 i - 74 bolts
Armour
 g - a +0 pair of gloves (melded)
 k - a +2 helmet (melded)
 l - a +0 ring mail
 n - a +0 ring mail
 t - a +0 robe
 u - a +0 cloak (melded)
 w - the cursed +2 pair of boots of the Depths (melded) {rF+ Regen+ Int+3 Dex+2}
   (You found it on level 5 of the Dungeon)

   It affects your intelligence (+3).
   It affects your dexterity (+2).
   It protects you from fire.
   It increases your rate of regeneration.
   It has a curse placed upon it.
 x - a +0 leather armour (melded)
Jewellery
 p - a +1 ring of evasion
 v - a cursed +4 ring of intelligence (left front paw)
 P - a cursed +3 ring of strength (right front paw)
 Q - an uncursed ring of ice
Wands
 s - a wand of enslavement (18)
 y - a wand of flame (42)
 G - a wand of random effects (16)
 H - a wand of iceblast (11)
Scrolls
 e - 3 scrolls of magic mapping
 h - 5 scrolls of remove curse
 j - 8 scrolls of identify
 m - 3 scrolls of teleportation
 B - 2 scrolls of amnesia
 C - 2 scrolls of blinking {unknown}
 D - 2 scrolls of acquirement {unknown}
 F - 3 scrolls of enchant armour
 J - a scroll of enchant weapon
 L - a scroll of immolation
 N - a scroll of fog
Potions
 o - a potion of brilliance {unknown}
 q - 4 potions of berserk rage
 r - 2 potions of lignification {unknown}
 z - 5 potions of curing {unknown}
 A - a potion of ambrosia {unknown}
 E - a potion of haste {unknown}
Comestibles
 d - 28 rations
 R - 3 chunks of flesh


   Skills:
 + Level 6.0 Fighting
 + Level 5.3 Short Blades
 + Level 5.3 Long Blades
 + Level 5.3 Axes
 + Level 5.3 Maces & Flails
 + Level 5.3 Polearms
 + Level 5.3 Staves
 + Level 5.3 Slings
 + Level 5.3 Bows
 + Level 5.3 Crossbows
 + Level 5.3 Throwing
 + Level 5.3 Armour
 + Level 7.1 Dodging
 + Level 5.3 Stealth
 + Level 5.3 Shields
 + Level 8.5 Unarmed Combat
 + Level 7.4 Spellcasting
 + Level 4.4(5.8) Conjurations
 + Level 4.4(5.8) Hexes
 + Level 4.4(5.8) Charms
 + Level 4.4(5.8) Summonings
 + Level 4.4(5.8) Necromancy
 + Level 4.4(5.8) Translocations
 + Level 5.9(7.3) Transmutations
 + Level 4.4(5.8) Fire Magic
 + Level 4.4(5.8) Ice Magic
 + Level 4.4(5.8) Air Magic
 + Level 4.4(5.8) Earth Magic
 + Level 4.4(5.8) Poison Magic
 + Level 5.8 Invocations
 + Level 5.3(6.7) Evocations


You had one spell level left.
You knew the following spells:

 Your Spells              Type           Power        Failure   Level  Hunger
a - Beastly Appendage     Tmut           #####.       1%          1    None
b - Sticks to Snakes      Tmut           #####...     1%          2    None
c - Spider Form           Tmut/Pois      ####......   1%          3    #......
d - Ice Form              Ice/Tmut       ####....     6%          4    ###....
e - Passwall              Tmut/Erth      ####....     1%          2    None
f - Sandblast             Erth           ####..       1%          1    None
g - Blade Hands           Tmut           #####.....   13%         5    #####..
h - Petrify               Tmut/Erth      ####....     6%          4    ###....

Your spell library contained the following spells:

 Spells                   Type           Power        Failure   Level  Hunger
 Stone Arrow              Conj/Erth      ####..       2%          3    #......
 Lee's Rapid Deconstruct  Erth           ####......   24%         5    #####..


Dungeon Overview and Level Annotations

Branches:
Dungeon (8/15)             Temple (1/1) D:4           Sewer (visited)
   Lair: D:8-11

Altars:
Ashenzari
Cheibriados
Dithmenos
Elyvilon
Fedhas
Gozag
Hepliaklqana
Kikubaaqudgha
Makhleb
Nemelex Xobeh
Okawaru
Qazlal
Ru
Sif Muna
Trog
Uskayaw
Vehumet
Wu Jian
Xom
Yredelemnul
Zin
The Shining One

Shops:
D:7 *   D:8 =

Annotations:
D:8 Erica


Innate Abilities, Weirdness & Mutations

Your experience applies equally to all skills.
((You have very sharp teeth.))
Your uncanny sense of smell can sniff out nearby items.


Message History

The orb of energy hits you!!
The orb of energy explodes!
The mystic blast hits your adder!!
Your adder dies!
The mystic blast hits your adder!!
Your adder dies!
The mystic blast hits your ball python!!
Your ball python dies!
The mystic blast hits your adder!
Your adder dies!
You hear some strange, mumbled words.
An orb of energy appears from out of thin air!
The orb of energy hits you!!
* * * LOW HITPOINT WARNING * * *
The orb of energy explodes!
The mystic blast hits your ball python!!
Your ball python dies!
Something hits you!
* * * LOW HITPOINT WARNING * * *
Something melts you!
You die...

#... #.## #.## .#...#
#.## ##... ......###
##).### #....
........####.....####....
...........)).###........
....(.........# #......
.............(# ##......
.......{.(...## ##.......
........Y#...## #...#..).
..............###..###)).
..............##..####...
###...####.......####..##
#...# ###....####..##
##..# ##...#.....# #..#
###.........#
##..#####......##...#
#####....#.....##.####..#
#


There were no monsters in sight!

Vanquished Creatures
  Pikel (D:7)
  Prince Ribbit (D:6)
  3 hippogriffs
  4 hogs (D:7)
  A human (D:7)
  Menkaure (D:5)
  A black bear (D:8)
  2 ice beasts
  A phantom (D:7)
  3 orc warriors
  A sky beast (D:4)
  4 ogres
  A centaur (D:5)
  4 bullfrogs
  A water moccasin zombie (D:5)
  A scorpion (D:6)
  4 wights (D:6)
  2 howler monkeys
  4 crimson imps
  A bullfrog zombie (D:4)
  A quasit (D:7)
  A bullfrog skeleton (D:7)
  A centaur skeleton (D:8)
  7 orc priests
  3 hounds
  An orc wizard (D:7)
  A gnoll shaman (D:4)
  2 iguanas
  Ijyb (D:5)
  9 worker ants
  A hound skeleton (D:5)
  9 gnolls
  13 adders
  2 oozes
  An adder zombie (D:5)
  2 worms
  5 dart slugs
  10 leopard geckos
  25 orcs
  2 ball pythons
  12 giant cockroaches
  7 hobgoblins
  12 jackals
  6 quokkas
  11 bats
  4 frilled lizards
  5 goblins
  5 kobolds
  14 rats
214 creatures vanquished.

Vanquished Creatures (collateral kills)
  Purgy (Sewer)
1 creature vanquished.

Vanquished Creatures (others)
  2 slaves (D:7)
  An orc wizard (D:7)
  2 orcs (D:7)
5 creatures vanquished.

Grand Total: 220 creatures vanquished

Notes
Turn   | Place    | Note
-------+----------+-------------------------------------------
     0 | D:1      | Bronimir the Gnoll Transmuter began the quest for the Orb.
     0 | D:1      | Reached XP level 1. HP: 17/17 MP: 6/6
    39 | D:1      | Reached XP level 2. HP: 6/23 MP: 7/7
   292 | D:1      | Learned a level 2 spell: Sticks to Snakes
   459 | D:1      | Reached XP level 3. HP: 28/28 MP: 7/9
   464 | D:1      | Reached skill level 5 in Spellcasting
   702 | D:1      | Reached skill level 1 in Invocations
   882 | D:1      | Found a radiant altar of Vehumet.
  1046 | D:2      | Learned a level 3 spell: Spider Form
  1117 | D:2      | Reached skill level 1 in Short Blades
  1117 | D:2      | Reached skill level 1 in Long Blades
  1117 | D:2      | Reached skill level 1 in Axes
  1117 | D:2      | Reached skill level 1 in Maces & Flails
  1117 | D:2      | Reached skill level 1 in Polearms
  1117 | D:2      | Reached skill level 1 in Staves
  1117 | D:2      | Reached skill level 1 in Slings
  1117 | D:2      | Reached skill level 1 in Bows
  1117 | D:2      | Reached skill level 1 in Crossbows
  1117 | D:2      | Reached skill level 1 in Throwing
  1117 | D:2      | Reached skill level 1 in Armour
  1117 | D:2      | Reached skill level 1 in Stealth
  1117 | D:2      | Reached skill level 1 in Shields
  1117 | D:2      | Reached skill level 1 in Evocations
  1173 | D:2      | Reached XP level 4. HP: 28/34 MP: 7/11
  1363 | D:2      | Reached skill level 1 in Conjurations
  1363 | D:2      | Reached skill level 1 in Hexes
  1363 | D:2      | Reached skill level 1 in Charms
  1363 | D:2      | Reached skill level 1 in Summonings
  1363 | D:2      | Reached skill level 1 in Necromancy
  1363 | D:2      | Reached skill level 1 in Translocations
  1363 | D:2      | Reached skill level 1 in Fire Magic
  1363 | D:2      | Reached skill level 1 in Ice Magic
  1363 | D:2      | Reached skill level 1 in Air Magic
  1363 | D:2      | Reached skill level 1 in Earth Magic
  1363 | D:2      | Reached skill level 1 in Poison Magic
  1565 | D:2      | Found a shimmering altar of Xom.
  1591 | D:2      | Noticed an orc warrior
  1606 | D:2      | Reached XP level 5. HP: 36/40 MP: 8/12
  1614 | D:2      | Killed an orc warrior
  1981 | D:3      | Reached XP level 6. HP: 47/47 MP: 9/13
  2245 | D:3      | Found a glowing drain.
  2249 | Sewer    | Entered a sewer
  2294 | Sewer    | Noticed Purgy
  2309 | Sewer    | Killed Purgy
  2309 | Sewer    | Reached skill level 5 in Dodging
  2984 | D:4      | Reached XP level 7. HP: 52/52 MP: 11/15
  3092 | D:4      | Noticed a hippogriff
  3105 | D:4      | Killed a hippogriff
  3105 | D:4      | Reached skill level 7 in Unarmed Combat
  3520 | D:4      | Found a staircase to the Ecumenical Temple.
  3534 | Temple   | Entered the Ecumenical Temple
  3651 | Temple   | Became a worshipper of Ashenzari the Shackled
  3711 | D:4      | Learned a level 4 spell: Ice Form
  4045 | D:4      | Reached XP level 8. HP: 54/60 MP: 16/16
  4138 | D:5      | Entered Level 5 of the Dungeon
  4174 | D:5      | Learned a level 2 spell: Passwall
  4176 | D:5      | Learned a level 1 spell: Sandblast
  4182 | D:5      | Learned a level 5 spell: Blade Hands
  4255 | D:5      | Got the uncursed pair of boots of the Depths {rF+ Regen+
                  | Int+3 Dex+2}
  4261 | D:5      | Identified the +2 pair of boots of the Depths {rF+ Regen+
                  | Int+3 Dex+2} (You found it on level 5 of the Dungeon)
  4307 | D:5      | Noticed Ijyb
  4319 | D:5      | Killed Ijyb
  4365 | D:5      | Noticed Menkaure
  4376 | D:5      | Killed Menkaure
  4903 | D:6      | Reached XP level 9. HP: 60/66 MP: 18/18
  4950 | D:6      | Reached skill level 5 in Transmutations
  4982 | D:6      | Reached * piety under Ashenzari
  5267 | D:6      | Noticed Prince Ribbit
  5280 | D:6      | Killed Prince Ribbit
  5796 | D:7      | Noticed Pikel
  5797 | D:7      | Reached skill level 5 in Fighting
  5821 | D:7      | Killed Pikel
  5821 | D:7      | Reached skill level 8 in Unarmed Combat
  5955 | D:7      | Reached skill level 5 in Invocations
  6142 | D:7      | Reached XP level 10. HP: 26/74 MP: 16/20
  6409 | D:7      | Reached skill level 5 in Short Blades
  6409 | D:7      | Reached skill level 5 in Long Blades
  6409 | D:7      | Reached skill level 5 in Axes
  6409 | D:7      | Reached skill level 5 in Maces & Flails
  6409 | D:7      | Reached skill level 5 in Polearms
  6409 | D:7      | Reached skill level 5 in Staves
  6409 | D:7      | Reached skill level 5 in Slings
  6409 | D:7      | Reached skill level 5 in Bows
  6409 | D:7      | Reached skill level 5 in Crossbows
  6409 | D:7      | Reached skill level 5 in Throwing
  6409 | D:7      | Reached skill level 5 in Armour
  6409 | D:7      | Reached skill level 5 in Stealth
  6409 | D:7      | Reached skill level 5 in Shields
  6409 | D:7      | Reached skill level 5 in Evocations
  6648 | D:7      | Found Ceitur's General Store.
  6656 | D:7      | Bought a scroll of fog for 30 gold pieces
  6656 | D:7      | Bought a scroll of enchant armour for 112 gold pieces
  6656 | D:7      | Bought a scroll of remove curse for 45 gold pieces
  7107 | D:8      | Learned a level 4 spell: Petrify
  7310 | D:8      | Found Saeh's Jewellery Boutique.
  7318 | D:8      | Bought a +3 ring of strength for 251 gold pieces
  7325 | D:8      | Reached ** piety under Ashenzari
  7392 | D:8      | Noticed Erica
  7407 | D:8      | Slain by Erica

Levels and vault maps discovered:
D:1:      dpeg_arrival_water_altar, layout_rooms, supply_closet_lemuel,
          chequers_serial_rivers_small_b, nrook_mini_backslash
D:2:      layout_loops_ring, old_standard_altar
D:3:      layout_basic, first_ration, gup_sewer_entry_spiral
D:4:      layout_gridville, minmay_temple_entry_drinking_statues
D:5:      minmay_diamond_boxcup, layout_basic, minmay_misc_feat_pillars,
          minivault_19, minmay_misc_feat_five, uniq_ijyb, uniq_menkaure
D:6:      layout_loops_corners, uniq_prince_ribbit1
D:7:      layout_loops_ring, serial_shops, shop, grunt_livestock, uniq_pikel
D:8:      layout_layer_cave, serial_shops, kennysheep_mini_moat,
          serial_park_tiny_pond, minmay_shop_enchanted_jewellery, uniq_erica
Temple:   kilobyte_greek_temple

Skill      XL: |  1  2  3  4  5  6  7  8  9 10 |
---------------+-------------------------------+-----
Spellcasting   | 5 6 7 |  7.4
Invocations    | 1 2 3 4 5 |  5.8
Short Blades   | 1 2 3 4 5 |  5.3
Long Blades    | 1 2 3 4 5 |  5.3
Axes           | 1 2 3 4 5 |  5.3
Maces & Flails | 1 2 3 4 5 |  5.3
Polearms       | 1 2 3 4 5 |  5.3
Staves         | 1 2 3 4 5 |  5.3
Slings         | 1 2 3 4 5 |  5.3
Bows           | 1 2 3 4 5 |  5.3
Crossbows      | 1 2 3 4 5 |  5.3
Throwing       | 1 2 3 4 5 |  5.3
Armour         | 1 2 3 4 5 |  5.3
Stealth        | 1 2 3 4 5 |  5.3
Shields        | 1 2 3 4 5 |  5.3
Evocations     | 1 2 3 4 5 |  5.3
Conjurations   | 1 2 3 4 |  4.4
Hexes          | 1 2 3 4 |  4.4
Charms         | 1 2 3 4 |  4.4
Summonings     | 1 2 3 4 |  4.4
Necromancy     | 1 2 3 4 |  4.4
Translocations | 1 2 3 4 |  4.4
Fire Magic     | 1 2 3 4 |  4.4
Ice Magic      | 1 2 3 4 |  4.4
Air Magic      | 1 2 3 4 |  4.4
Earth Magic    | 1 2 3 4 |  4.4
Poison Magic   | 1 2 3 4 |  4.4
Fighting       | 3 4 5 6 |  6.0
Transmutations | 4 5 |  5.9
Dodging        | 5 6 7 |  7.1
Unarmed Combat | 7 8 |  8.5

Action                   |  1- 3 |  4- 6 |  7- 9 | 10-12 || total
-------------------------+-------+-------+-------+-------++-------
Melee: Unarmed           |    97 |   163 |   240 |    92 ||   592
       Bite              |    12 |     7 |     3 |     2 ||    24
       Headbutt          |     3 |       |       |       ||     3
       Punch             |     4 |     3 |     2 |       ||     9
       Kick              |     1 |       |       |       ||     1
 Fire: Shortbow          |       |       |    64 |       ||    64
       Hand crossbow     |       |       |       |    55 ||    55
 Cast: Beastly Appendage |     4 |       |       |       ||     4
       Spider Form       |     2 |    16 |    29 |     7 ||    54
       Sticks to Snakes  |       |     2 |    14 |     5 ||    21
       Passwall          |       |       |     2 |       ||     2
       Ice Form          |       |       |       |     1 ||     1
Invok: Curse Item        |       |       |     1 |     2 ||     3
 Abil: End Transformatio |       |       |     1 |       ||     1
  Use: Potion            |     1 |     1 |     1 |       ||     3
       Scroll            |       |     9 |     2 |       ||    11
 Stab: Sleeping          |     1 |     8 |     8 |     1 ||    18
  Eat: Chunk             |       |     8 |    12 |     5 ||    25
Armor: Robe              |    25 |    13 |    20 |       ||    58
       Skin              |       |     3 |     7 |     1 ||    11
       Leather armour    |       |       |     3 |    10 ||    13
Dodge: Dodged            |   103 |   124 |   303 |   102 ||   632
